 Dungeon Crawl Stone Soup version 0.30.1-9-gdf580d7c3d (webtiles) character file.

Game seed: 6836614425665039234

714 bearlyready the Covert (level 7, -5/56 HPs)
             Began as a Gnoll Brigand on Oct 1, 2023.
             Was an Initiate of Gozag.
             Slain by Pikel
             ... wielding a +1 whip of flaming
              (8 damage)
             ... on level 4 of the Dungeon on Oct 7, 2023.
             The game lasted 00:10:55 (3736 turns).

bearlyready the Covert (Gnoll Brigand)              Turns: 3736, Time: 00:10:56

Health: -5/56      AC:  6    Str: 11    XL:     7   Next: 69%
Magic:  11/11      EV: 13    Int: 10    God:    Gozag
Gold:   117        SH:  0    Dex: 15    Spells: 11/11 levels left

rFire   . . .        o - +3 short sword (elec)
rCold   . . .        (no shield)
rNeg    . . .        b - +0 robe
rPois   .            p - +2 helmet
rElec   .            s - +0 cloak {Stlth+}
rCorr   .            (no gloves)
SInv    .            (no boots)
Will    .....        (no amulet)
Stlth   +++++        (no ring)
HPRegen 0.29/turn    (no ring)
MPRegen 0.12/turn

%: no passive effects
@: no status effects
A: fangs 1, strong nose, distributed training
a: Renounce Religion, Potion Petition, Call Merchant, Bribe Branch


You were on level 4 of the Dungeon.
You worshipped Gozag.
Gozag was aware of your devotion.
You visited 2 branches of the dungeon, and saw 5 of its levels.

You collected 174 gold pieces.
You paid 57 gold pieces to Gozag.

Inventory:

Hand Weapons
 a - a +2 dagger
 o - a +3 short sword of electrocution (weapon)
 q - a +0 double sword
 t - a +0 sling
 v - the +3 spear of Resonant Integrity {freeze, Int+3 SInv}
   (You took it off a hobgoblin on level 3 of the Dungeon)

   Int:       It affects your intelligence (+3).
   SInv:      It lets you see invisible.
 z - a +1 dagger of venom
Missiles
 d - a poisoned dart (quivered)
 e - 3 curare-tipped darts
 u - 3 boomerangs
 y - 6 javelins
Armour
 b - a +0 robe (worn)
 f - a +0 ring mail
 p - a +2 helmet (worn)
 s - a +0 cloak of stealth (worn)
Wands
 x - a wand of flame (9)
Scrolls
 c - a scroll of fog {unknown}
 h - a scroll of noise {unknown}
 j - a scroll of amnesia {unknown}
 k - a scroll of enchant armour {unknown}
 l - 4 scrolls of identify {unknown}
 n - a scroll of teleportation {unknown}
 r - 2 scrolls of enchant weapon {unknown}
 w - 2 scrolls of vulnerability {unknown}
Potions
 g - a potion of flight {unknown}
 i - a potion of cancellation {unknown}


   Skills:
 + Level 5.4 Fighting
 + Level 5.4 Short Blades
 + Level 2.7 Long Blades
 + Level 2.7 Axes
 + Level 2.7 Maces & Flails
 + Level 2.7 Polearms
 + Level 2.7 Staves
 + Level 2.7 Ranged Weapons
 + Level 5.4 Throwing
 + Level 2.7 Armour
 + Level 3.8 Dodging
 + Level 8.3 Stealth
 + Level 2.7 Shields
 + Level 2.7 Unarmed Combat
 + Level 2.7 Spellcasting
 + Level 2.2 Conjurations
 + Level 2.2 Hexes
 + Level 2.2 Summonings
 + Level 2.2 Necromancy
 + Level 2.2 Translocations
 + Level 2.2 Transmutations
 + Level 2.2 Fire Magic
 + Level 2.2 Ice Magic
 + Level 2.2 Air Magic
 + Level 2.2 Earth Magic
 + Level 2.2 Poison Magic
 + Level 3.0 Invocations
 + Level 2.7 Evocations


You had 11 spell levels left.
You didn't know any spells.
Your spell library contained the following spells:

 Spells                   Type           Power      Damage    Failure   Level
 Sandblast                Erth           10%        2d5       12%         1
 Passwall                 Tmut/Erth      4%         N/A       17%         2
 Mephitic Cloud           Conj/Pois/Air  5%         N/A       34%         3
 Stone Arrow              Conj/Erth      10%        3d7       34%         3
 Passage of Golubria      Tloc           5%         N/A       75%         4
 Summon Ice Beast         Ice/Summ       5%         N/A       75%         4
 Silence                  Hex/Air        2%         N/A       97%         5
 Lehudib's Crystal Spear  Conj/Erth      2%         10d2      100%        8


Dungeon Overview and Level Annotations

Branches:
Dungeon (4/15)             Temple (1/1) D:4

Altars:
Elyvilon
Fedhas
Gozag
Kikubaaqudgha
Makhleb
Nemelex Xobeh
Okawaru
Qazlal
Ru
Sif Muna
Trog
Uskayaw
Vehumet
Wu Jian
Yredelemnul
Zin
The Shining One

Annotations:
D:4 Pikel


Innate Abilities, Weirdness & Mutations

You have very sharp teeth.
Your uncanny sense of smell can sniff out nearby items.
Your experience applies equally to all skills.


Message History

Pikel is severely wounded.
The lemure hits you. Pikel hits you but does no damage.
You hit Pikel but do no damage.
Pikel is severely wounded.
You miss Pikel.
Pikel is severely wounded.
The lemure closely misses you.
Pikel hits you with a +1 whip of flaming!
Pikel burns you.
* * * LOW HITPOINT WARNING * * *
You miss Pikel.
Pikel is severely wounded.
The lemure barely misses you.
Pikel hits you with a +1 whip of flaming!
* * * LOW HITPOINT WARNING * * *
Pikel burns you.
* * * LOW HITPOINT WARNING * * *
You feel better. The lemure closely misses you.
Pikel hits you with a +1 whip of flaming.
* * * LOW HITPOINT WARNING * * *
Pikel burns you.
* * * LOW HITPOINT WARNING * * *
You hit Pikel but do no damage. Lightning courses through Pikel!
Pikel is almost dead.
The lemure barely misses you. Pikel barely misses you.
You closely miss Pikel. You bite Pikel, but do no damage.
Pikel is almost dead.
Okay, then.
You miss Pikel. You bite Pikel, but do no damage.
Pikel is almost dead.
The lemure hits you.
* * * LOW HITPOINT WARNING * * *
Pikel barely misses you.
You barely miss Pikel.
Pikel is almost dead.
The lemure hits you.
* * * LOW HITPOINT WARNING * * *
Pikel hits you with a +1 whip of flaming!
You die...
Your body crumbles into a pile of gold.

.#.##.......#........##........
##+##.......##[########†###..##
....#....5..##..### #.# .##
#...........##....#####.#
#.........5)#........<#.#
#...........#.......###.#
#...........#.#...#.....#
#...........'..#.#.....>.
#.............5K@...##.##
#..............#5#..##.
.............(#...#....
.....#+#####..........## .....#
((............ .#......
.....#####.##.# .#.#.#........#
.# .. .#.#.#..(.... # .#.#.# ..


You could see Pikel and 2 lemures.

Vanquished Creatures
  Sigmund (D:2)
  The ghost of ChiefBigBeans the Trooper, an amateur TrBe of Trog (D:4)
  2 lemures (Temple)
  2 hounds (D:4)
  3 orc priests (D:3)
  Crazy Yiuf (D:2)
  Terence (D:3)
  2 orc wizards (D:3)
  A gnoll (D:1)
  A river rat (D:4)
  8 adders
  2 worms
  20 orcs
  5 ball pythons
  4 endoplasms
  4 goblins
  11 hobgoblins
  10 jackals
  A quokka (D:2)
  7 bats
  7 frilled lizards
  8 kobolds
  4 rats
106 creatures vanquished.

Notes
Turn   | Place    | Note
-------+----------+-------------------------------------------
     0 | D:1      | bearlyready the Gnoll Brigand began the quest for the Orb.
     0 | D:1      | Reached XP level 1. HP: 20/20 MP: 1/1
    58 | D:1      | Reached XP level 2. HP: 18/26 MP: 2/2
   800 | D:2      | Reached XP level 3. HP: 26/31 MP: 3/3
   990 | D:2      | Reached skill level 1 in Invocations
  1051 | D:2      | Reached skill level 1 in Long Blades
  1051 | D:2      | Reached skill level 1 in Axes
  1051 | D:2      | Reached skill level 1 in Maces & Flails
  1051 | D:2      | Reached skill level 1 in Polearms
  1051 | D:2      | Reached skill level 1 in Staves
  1051 | D:2      | Reached skill level 1 in Ranged Weapons
  1051 | D:2      | Reached skill level 1 in Armour
  1051 | D:2      | Reached skill level 1 in Shields
  1051 | D:2      | Reached skill level 1 in Unarmed Combat
  1051 | D:2      | Reached skill level 1 in Spellcasting
  1051 | D:2      | Reached skill level 1 in Evocations
  1100 | D:2      | Noticed Sigmund
  1110 | D:2      | Killed Sigmund
  1111 | D:2      | Reached skill level 8 in Stealth
  1111 | D:2      | Reached skill level 1 in Conjurations
  1111 | D:2      | Reached skill level 1 in Hexes
  1111 | D:2      | Reached skill level 1 in Summonings
  1111 | D:2      | Reached skill level 1 in Necromancy
  1111 | D:2      | Reached skill level 1 in Translocations
  1111 | D:2      | Reached skill level 1 in Transmutations
  1111 | D:2      | Reached skill level 1 in Fire Magic
  1111 | D:2      | Reached skill level 1 in Ice Magic
  1111 | D:2      | Reached skill level 1 in Air Magic
  1111 | D:2      | Reached skill level 1 in Earth Magic
  1111 | D:2      | Reached skill level 1 in Poison Magic
  1111 | D:2      | Reached XP level 4. HP: 30/38 MP: 4/6
  1111 | D:2      | Reached XP level 5. HP: 34/43 MP: 4/7
  1154 | D:2      | Found a burning altar of Makhleb.
  1405 | D:2      | Reached XP level 6. HP: 50/50 MP: 8/8
  1703 | D:2      | Found a runed translucent door.
  1706 | D:2      | Noticed Crazy Yiuf
  1711 | D:2      | Killed Crazy Yiuf
  1712 | D:2      | Reached skill level 5 in Fighting
  1712 | D:2      | Reached skill level 5 in Short Blades
  1712 | D:2      | Reached skill level 5 in Throwing
  1917 | D:3      | Found a sacrificial altar of Ru.
  2120 | D:3      | Found a glowing golden altar of the Shining One.
  2365 | D:3      | Identified the +3 spear of Resonant Integrity {freeze,
                  | Int+3 SInv}
  2455 | D:3      | Found an ornate altar of the Wu Jian Council.
  2528 | D:3      | Noticed Terence
  2532 | D:3      | Reached XP level 7. HP: 56/56 MP: 10/10
  2544 | D:3      | Killed Terence
  2883 | D:4      | Found a runed translucent door.
  2884 | D:4      | Noticed ChiefBigBeans's ghost (amateur TrBe)
  2906 | D:4      | Killed ChiefBigBeans's ghost
  3009 | D:4      | Found a runed translucent door.
  3082 | D:4      | Got the Spellbook of the Polluted Snowflakes
  3185 | D:4      | Found a staircase to the Ecumenical Temple.
  3205 | D:4      | Found a white marble altar of Elyvilon.
  3356 | D:4      | Noticed Pikel
  3380 | Temple   | Entered the Ecumenical Temple
  3668 | Temple   | Became a worshipper of Gozag Ym Sagoz the Greedy
  3731 | D:4      | HP: 2/56 [Pikel/+1 whip of flaming (2)]
  3736 | D:4      | Slain by Pikel

Illustrated notes

Levels and vault maps discovered:
D:1:      minmay_arrival_glassed_features, layout_basic, minmay_splitting_lines
D:2:      layout_basic, basic_altar, minmay_misc_feat_diagonals, uniq_sigmund,
          uniq_crazy_yiuf_cottage
D:3:      layout_basic, nicolae_wu_jian_wuxing_cycle,
          mainiacjoe_overflow_large_starburst, eino_tiny_chamber,
          minmay_misc_feat_tiny, grunt_ministairs_2, dk_noncrumbling_3,
          uniq_terence
D:4:      layout_basic, mainiacjoe_overflow_six_doors_small,
          cheibriados_altar_1, xom_teletrap_fun, minmay_temple_entry_crystal_x,
          ebering_ghost_sewer_f, serial_park_tiny_1, uniq_pikel
Temple:   nicolae_temple_bog_church

Skill      XL: |  1  2  3  4  5  6  7 |
---------------+----------------------+-----
Invocations    | 2 3 |  3.0
Long Blades    | 1 2 |  2.7
Axes           | 1 2 |  2.7
Maces & Flails | 1 2 |  2.7
Polearms       | 1 2 |  2.7
Staves         | 1 2 |  2.7
Ranged Weapons | 1 2 |  2.7
Armour         | 1 2 |  2.7
Shields        | 1 2 |  2.7
Unarmed Combat | 1 2 |  2.7
Spellcasting   | 1 2 |  2.7
Evocations     | 1 2 |  2.7
Dodging        | 3 |  3.8
Stealth        | 8 |  8.3
Conjurations   | 1 2 |  2.2
Hexes          | 1 2 |  2.2
Summonings     | 1 2 |  2.2
Necromancy     | 1 2 |  2.2
Translocations | 1 2 |  2.2
Transmutations | 1 2 |  2.2
Fire Magic     | 1 2 |  2.2
Ice Magic      | 1 2 |  2.2
Air Magic      | 1 2 |  2.2
Earth Magic    | 1 2 |  2.2
Poison Magic   | 1 2 |  2.2
Fighting       | 5 |  5.4
Short Blades   | 5 |  5.4
Throwing       | 5 |  5.4

Action                     |  1- 3 |  4- 6 |  7- 9 || total
---------------------------+-------+-------+-------++-------
  Melee: Dagger            |    45 |       |       ||    45
         Bite              |     3 |     6 |    12 ||    21
         Short sword       |     4 |   114 |   138 ||   256
         Punch             |     2 |       |     3 ||     5
   Fire: Sling             |       |     6 |       ||     6
  Throw: Dart              |     3 |     1 |     7 ||    11
  Evoke: Wand              |       |       |     1 ||     1
    Use: Potion            |       |       |     3 ||     3
   Stab: Sleeping          |    11 |    12 |     3 ||    26
 Armour: Robe              |     8 |    25 |    27 ||    60
  Dodge: Dodged            |    10 |    54 |    72 ||   136
